 Dungeon Crawl Stone Soup version 0.31-a0-844-gdc52ec4e09 (webtiles) character file.

Game seed: 15440034393259704084

24370 mcwallace the Destroyer (level 13, -20/80 HPs)
             Began as a Gargoyle Fire Elementalist on Sept 29, 2023.
             Was a High Priest of Vehumet.
             Demolished by a dire elephant (22 damage)
             ... on level 2 of the Lair of Beasts.
             The game lasted 00:44:08 (12696 turns).

mcwallace the Destroyer (GrFE)                     Turns: 12696, Time: 00:44:08

Health: -20/80     AC: 24    Str: 12    XL:     13   Next: 12%
Magic:  9/25       EV: 14    Int: 23    God:    Vehumet [*****.]
Gold:   778        SH:  0    Dex: 10    Spells: 9/28 levels left

rFire   x . .        r - +2 quarterstaff of Certain Death {flame, rF- rN++, staff}
rCold   . . .        (shield currently unavailable)
rNeg    + + +        X - +0 acid dragon scales
rPois   ∞            O - +1 hat {SInv}
rElec   +            l - +0 cloak
rCorr   +            B - +0 pair of gloves
SInv    +            j - +1 pair of boots
Will    .....        m - amulet of Focyv {Acrobat +Inv Int+2}
Stlth   +            i - ring of flight
HPRegen 0.33/turn    p - ring of see invisible
MPRegen 0.19/turn

%: acrobat
@: flying, studying Ranged Weapons
A: sickness immunity, AC +9, negative energy resistance 1, electricity
resistance, torment resistance 1, petrification resistance
a: Renounce Religion, Evoke Invisibility


You were on level 2 of the Lair of Beasts.
You worshipped Vehumet.
Vehumet was extremely pleased with you.
You visited 2 branches of the dungeon, and saw 11 of its levels.
You also visited: Ossuary and Bailey.

You collected 778 gold pieces.


Innate Abilities, Weirdness & Mutations

You are immune to sickness and miasma.
Your stone body is resilient. (AC +9)
You are immune to poison.
You resist negative energy. (rN+)
You are resistant to electric shocks. (rElec)
You are resistant to unholy torment.
You are immune to petrification.


   Skills:
 - Level 8.9 Fighting
 - Level 9.3 Armour
 + Level 9.2 Dodging
 - Level 2.1 Stealth
 - Level 8.2 Spellcasting
 + Level 14.6 Conjurations
 - Level 7.2 Fire Magic


You had 9 spell levels left.
You knew the following spells:

 Your Spells              Type           Power      Damage    Failure   Level
a - Foxfire               Conj/Fire      100%       2x1d9     1%          1
b - Scorch                Fire           84%        2d8       1%          2
c - Flame Wave            Conj/Fire      56%        2d13      1%          4
d - Fireball              Conj/Fire      28%        3d12      1%          5
e - Orb of Destruction    Conj           33%        9d10      5%          7

Your spell library contained the following spells:

 Spells                   Type           Power      Damage    Failure   Level
 Plasma Beam              Fire/Air       13%        2x1d24    58%         6
 Shock                    Conj/Air       100%       1d9       1%          1
 Inner Flame              Hex/Fire       26%        N/A       1%          3
 Stone Arrow              Conj/Erth      86%        3d12      1%          3
 Volatile Blastmotes      Fire/Tloc      52%        2d14      1%          3
 Airstrike                Air            4%         2d(1-17)  24%         4
 Summon Guardian Golem    Hex/Summ       9%         N/A       28%         3
 Swiftness                Air            9%         N/A       28%         3
 Spellforged Servitor     Conj/Summ      21%        N/A       65%         7
 Animate Armour           Summ/Erth      18%        N/A       67%         4
 Lehudib's Crystal Spear  Conj/Erth      21%        10d6      99%         8

Inventory:

Hand Weapons
 r - the +2 quarterstaff of Certain Death (weapon) {flame, rF- rN++, staff}
   (You found it on level 2 of the Dungeon)

   rF-:       It makes you vulnerable to fire.
   rN++:      It greatly protects you from negative energy.
 M - the +0 short sword of an ice cave {venom, rElec Int+3 Dex+3, short}
   (You found it on level 4 of the Dungeon)

   Int+3:     It affects your intelligence (+3).
   Dex+3:     It affects your dexterity (+3).
   rElec:     It insulates you from electricity.
Missiles
 g - 2 throwing nets {=f!fthrowing}
 W - 2 curare-tipped darts {=fthrowing}
Armour
 j - a +1 pair of boots (worn)
   (You found it on level 6 of the Dungeon)
 l - a +0 cloak (worn)
   (You found it on level 1 of the Dungeon)
 q - a scarf of shadows
   (You found it on level 2 of the Dungeon)
 B - a +0 pair of gloves (worn)
   (You found it on level 7 of the Dungeon)
 O - a +1 hat of see invisible (worn)
   (You took it off Gastronok on level 2 of the Lair of Beasts)
 X - +0 acid dragon scales (worn)
   (You found it on level 8 of the Dungeon)
Magical Staves
 L - a staff of air {!astaff}
   (You found it on level 1 of the Lair of Beasts)
Jewellery
 i - a ring of flight (left hand)
   (You found it on level 1 of the Dungeon)
 m - the amulet of Focyv (around neck) {Acrobat +Inv Int+2}
   (You took it off a gnoll on level 8 of the Dungeon)

   [amulet of the acrobat]

   Acrobat:   It increases your evasion while moving and waiting.
   Int+2:     It affects your intelligence (+2).
   +Inv:      It lets you turn invisible.
 p - a ring of see invisible (right hand)
   (You found it on level 2 of the Dungeon)
 u - an amulet of regeneration {@e2}
   (You found it on level 2 of the Dungeon)
 C - an amulet of guardian spirit
   (You found it on level 5 of the Dungeon)
 D - an amulet of magic regeneration {@e2}
   (You found it on level 2 of the Lair of Beasts)
 J - a ring of positive energy
   (You found it in an ossuary)
 P - a ring of protection from fire
   (You found it on level 6 of the Dungeon)
 R - a ring of protection from cold
   (You found it on level 1 of the Lair of Beasts)
 U - a +6 ring of strength
   (You found it on level 4 of the Dungeon)
 Z - an amulet of reflection
   (You found it on level 5 of the Dungeon)
Wands
 a - a wand of quicksilver (6)
   (You took it off a gnoll on level 8 of the Dungeon)
 e - a wand of paralysis (16)
   (You took it off Ijyb on level 5 of the Dungeon)
 s - a wand of mindburst (24)
   (You found it on level 5 of the Dungeon)
 y - a wand of flame (53)
   (You found it on level 3 of the Dungeon)
Scrolls
 b - 6 scrolls of summoning
 d - 3 scrolls of enchant armour
 f - a scroll of immolation {!r!r}
 k - 4 scrolls of poison
 o - 3 scrolls of fear
 v - 4 scrolls of fog
 A - a scroll of noise {!r}
 E - 4 scrolls of teleportation {@r4}
 F - 8 scrolls of enchant weapon
 N - 3 scrolls of revelation
 S - 3 scrolls of vulnerability {!r!r}
 Y - a scroll of amnesia {unknown}
Potions
 c - 2 potions of cancellation {unknown}
 n - 2 potions of invisibility {unknown}
 t - 2 potions of enlightenment {unknown}
 w - a potion of degeneration {unknown}
 x - 3 potions of mutation {!q}
 z - 6 potions of curing {@q1}
 G - 4 potions of lignification {!q}
 H - a potion of berserk rage {unknown}
 I - 2 potions of attraction {unknown}
 K - 2 potions of heal wounds {@q2}
 Q - a potion of experience {unknown}
 T - 2 potions of might {unknown}
 V - 2 potions of haste {unknown}

Dungeon Overview and Level Annotations

Branches:
Dungeon (9/15) Zot: 26133  Temple (0/1) D:6            Lair (2/5) D:8 Zot: 8322
 Spider (0/4) Lair:2      Ossuary (visited)          Bailey (visited)
  Swamp: Lair:2-3    Shoals: Lair:2-3       Orc: D:9-12

Altars:
Fedhas
Gozag
Hepliaklqana
Kikubaaqudgha
Ru
Sif Muna
Vehumet
The Shining One

Annotations:
D:3 1 runed translucent door, Crazy Yiuf

..##
...≈≈≈§......##....~≈#
### ...#
..~≈≈≈≈§§§........~≈≈#
# ...#
.~≈≈≈≈≈§§§≈≈~..~~≈≈≈≈#
# ...#
.~≈≈≈≈≈§§§≈≈≈~~≈≈≈≈≈##
# ...#
..~≈≈≈≈§###≈≈≈≈≈≈####
# #.##
...≈~§~.†.########
#.P# #..†≈§§§#..?$[.#
#.## ≈..§§†§.##Y...[#
#..# #≈#.#####§~@~###
#..# #### #######
...## ##.##.# ....#
###.....#
....######......## #
........#.......# #
...............## ##
P...####.....### ###.
#....# ###..## #.#.


You could see a dire elephant (combustible).


Message History

😨 HP[-17] MP[-1]
You take 17 damage, and now have 27/80 hp.
MASSIVE DAMAGE!! (PAUSE)
You lost 1 mp, and now have 15/25 mp.
Casting: Flame Wave (safe; 1% risk of failure)
Confirm with . or Enter, or press ? or * to list all spells.
Casting: Flame Wave (safe; 1% risk of failure)
Press: ? - help, Dir - look around, f - activate A wave of flame ripples out!
The flame wave engulfs the dire elephant!! (Press . to intensify the flame waves.)
You are engulfed in a cloud of scalding steam.
* * * LOW HITPOINT WARNING * * *
The dire elephant is engulfed in a cloud of scalding steam.
You kill the dire elephant!
Vehumet accepts your kill.
The dire elephant is engulfed in a cloud of scalding steam.
Your Dodging skill increases to level 9! 😨 HP[-6] MP[-4]
You take 6 damage, and now have 21/80 hp.
You lost 4 mp, and now have 11/25 mp.
A wave of flame ripples out!
The flame wave engulfs the dire elephant!
The flame wave engulfs the alligator!
Vehumet accepts your kill.
You feel your power returning.
You feel a bit more experienced.
You are engulfed in a cloud of scalding steam.
* * * LOW HITPOINT WARNING * * *
😱 HP[-9] MP[+3]
You take 9 damage, and now have 12/80 hp.
You regained 3 mp, and now have 14/25 mp.
Blink to where?
Press: ? - help, Q - select action, (/) - cycle Dir - move target
Okay, then.
Okay, then.
Blink to where?
Press: ? - help, Q - select action, (/) - cycle Dir - move target
As you read the scroll of blinking {!r}, it crumbles to dust.
The alligator is engulfed in a cloud of scalding steam. 😱 HP[+1]
You feel much better.
The dire elephant tramples you but does no damage.
The dire elephant trunk-slaps you. Vehumet accepts your kill.
You feel your power returning.
You feel a bit more experienced. 😮 HP[+28] MP[+6]
You regained 28 hp, and now have 41/80 hp.
You regained 6 mp, and now have 20/25 mp.
Unknown command.
Casting: Flame Wave (safe; 1% risk of failure)
Confirm with . or Enter, or press ? or * to list all spells.
Casting: Flame Wave (safe; 1% risk of failure)
Press: ? - help, Dir - look around, f - activate A wave of flame ripples out!
The flame wave engulfs the dire elephant. (Press . to intensify the flame waves.)
The dire elephant closely misses you.
The dire elephant barely misses you. 😮 MP[-4]
You lost 4 mp, and now have 16/25 mp.
A wave of flame ripples out!
The flame wave engulfs the dire elephant but does no damage.
The dire elephant tramples you but does no damage.
The dire elephant closely misses you. 😮 HP[+1] MP[-1]
You lost 1 mp, and now have 15/25 mp.
A wave of flame ripples out!
The flame wave engulfs the dire elephant.
The dire elephant tramples you!
* * * LOW HITPOINT WARNING * * *
You are shoved backwards! 😨 HP[-12] MP[-1]
You take 12 damage, and now have 30/80 hp.
You lost 1 mp, and now have 14/25 mp.
You are engulfed in a cloud of scalding steam.
The dire elephant closely misses you.
The dire elephant completely misses you.
Casting: Flame Wave (safe; 1% risk of failure)
Confirm with . or Enter, or press ? or * to list all spells.
Casting: Flame Wave (safe; 1% risk of failure)
Press: ? - help, Dir - look around, f - activate A wave of flame ripples out!
The flame wave engulfs the dire elephant! (Press . to intensify the flame waves.)
The dire elephant tramples you!
* * * LOW HITPOINT WARNING * * *
You are shoved backwards! 😱 HP[-10] MP[-3]
You take 10 damage, and now have 20/80 hp.
You lost 3 mp, and now have 11/25 mp.
You are engulfed in a cloud of scalding steam.
The dire elephant misses you.
The dire elephant trunk-slaps you but does no damage.
Casting: Flame Wave (safe; 1% risk of failure)
Confirm with . or Enter, or press ? or * to list all spells.
Flames lash the dire elephant.
The dire elephant's fire resistance burns away.
You are engulfed in a cloud of scalding steam.
* * * LOW HITPOINT WARNING * * *
The dire elephant tramples you!!
You die...

Skill      XL: |  1  2  3  4  5  6  7  8  9 10 11 12 13 |
---------------+----------------------------------------+-----
Armour         | 1 2 3 4 6 7 8 9 |  9.3
Fighting       | 1 2 3 4 6 7 8 |  8.9
Dodging        | 2 3 4 5 6 8 9 |  9.2
Conjurations   | 2 3 4 5 6 8 10 12 14 | 14.6
Spellcasting   | 3 4 5 6 7 8 |  8.2
Fire Magic     | 4 5 6 7 |  7.2
Stealth        | |  2.1

Action                     |  1- 3 |  4- 6 |  7- 9 | 10-12 | 13-15 || total
---------------------------+-------+-------+-------+-------+-------++-------
  Melee: War axe           |   111 |       |       |       |       ||   111
         Quarterstaff      |       |   115 |    65 |    20 |       ||   200
         Short sword       |       |       |   410 |   104 |       ||   514
         Punch             |       |       |     9 |     2 |       ||    11
  Throw: Dart              |       |       |       |     1 |       ||     1
   Cast: Foxfire           |     7 |     7 |    78 |   363 |       ||   455
         Scorch            |       |     5 |    15 |    71 |     1 ||    92
         Flame Wave        |       |       |       |    37 |     4 ||    41
         Orb of Destructio |       |       |       |     3 |       ||     3
         Fireball          |       |       |       |     2 |       ||     2
  Evoke: Wand              |       |     1 |     2 |    10 |       ||    13
         Phantom mirror    |       |       |       |     1 |       ||     1
    Use: Potion            |       |     2 |     1 |     3 |     1 ||     7
         Scroll            |       |       |    11 |     5 |     1 ||    17
   Stab: Sleeping          |     2 |     3 |     8 |       |       ||    13
         Distracted        |       |       |       |     1 |       ||     1
 Armour: Robe              |    78 |    87 |   323 |    43 |       ||   531
         Acid dragon scale |       |       |       |   241 |    19 ||   260
  Dodge: Dodged            |    77 |    70 |   355 |   245 |    10 ||   757

Levels and vault maps discovered:
D:1:      sevenhm_arrival_forest_fort_small_6, layout_loops_ring,
          roderic_filled_cross, hangedman_abyss_or_decor_lesser_grid
D:2:      layout_loops_ring
D:3:      minmay_chambers_of_twos, layout_rooms, mainiacjoe_overflow_boulevard,
          fiery_altar_vehumet, serial_bayou_lagoon_a, uniq_crazy_yiuf_cottage
D:4:      layout_rooms, gammafunk_temple_overflow_statue,
          nicolae_ossuary_entry_catacombs, uniq_eustachio, uniq_sigmund,
          uniq_blork_the_orc
D:5:      layout_loops_cross, uniq_ijyb
D:6:      layout_basic, minmay_temple_entry_stoned_glass
D:7:      layout_rooms, minmay_diced_spiral
D:8:      layout_cave_pools, jmf_multi_god_temple,
          mainiacjoe_overflow_tiny_flanked, lair_entry_dummy, serial_undead,
          serial_undead_a, serial_undead_b, serial_undead_d, serial_undead_f,
          gammafunk_ghost_gnarly_gnolls, minmay_misc_feat_four_crosses
D:9:      layout_layer_cave, nicolae_hepliaklqana_hazy_memory, enter_bailey_2,
          lightli_minifort, uniq_prince_ribbit1
Lair:1:   beast_lair_carwin_large_4, layout_loops_ring
Lair:2:   layout_cave_pods, dummy_spider_entry, nicolae_lair_lakeside_cave,
          infiniplex_staircase_pool_2, uniq_gastronok

Notes
Turn   | Place    | Note
-------+----------+-------------------------------------------
     0 | D:1      | mcwallace the Gargoyle Fire Elementalist began the quest
                  | for the Orb.
     0 | D:1      | Reached XP level 1. HP: 10/10 MP: 3/3
     0 | D:1      | magus.rc [v1.9.6]
   242 | D:1      | Reached XP level 2. HP: 16/16 MP: 5/5
   564 | D:1      | Reached skill level 1 in Armour
   619 | D:1      | You pick up a book of Dangerous Friends and begin
                  | reading...
   619 | D:1      | You add the spells Summon Guardian Golem, Orb of
                  | Destruction and Spellforged Servitor to your library.
   885 | D:2      | Reached XP level 3. HP: 19/20 MP: 6/6
  1009 | D:2      | Learned a level 2 spell: Scorch
  1045 | D:2      | Identified the +2 quarterstaff of Certain Death {flame, rF-
                  | rN++}
  1064 | D:2      | Reached skill level 1 in Fighting
  1256 | D:2      | Reached skill level 2 in Dodging
  1256 | D:2      | Reached XP level 4. HP: 21/25 MP: 7/7
  1634 | D:3      | Found a shimmering blue altar of Sif Muna.
  1714 | D:3      | Found a radiant altar of Vehumet.
  1745 | D:3      | Became a worshipper of Vehumet
  1855 | D:3      | Reached skill level 2 in Conjurations
  2076 | D:3      | Found a runed translucent door.
  2077 | D:3      | Noticed Crazy Yiuf
  2281 | D:4      | Noticed Blork the orc
  2295 | D:4      | Killed Blork the orc
  2296 | D:4      | Reached skill level 2 in Armour
  2296 | D:4      | Reached XP level 5. HP: 24/30 MP: 0/9
  2301 | D:4      | Found a glowing golden altar of the Shining One.
  2302 | D:4      | Found an ancient bone altar of Kikubaaqudgha.
  2316 | D:4      | Reached skill level 2 in Fighting
  2338 | D:4      | Reached skill level 3 in Spellcasting
  2338 | D:4      | Reached skill level 3 in Conjurations
  2338 | D:4      | Reached XP level 6. HP: 32/35 MP: 6/10
  2358 | D:4      | Found a sand-covered staircase.
  2376 | Ossuary  | Entered an ossuary
  2376 | Ossuary  | Noticed a wraith
  2376 | Ossuary  | Noticed a wraith
  2376 | Ossuary  | Noticed a wraith
  2407 | Ossuary  | Reached * piety under Vehumet
  2407 | Ossuary  | Offered knowledge of Kiss of Death by Vehumet.
  2594 | Ossuary  | Noticed a wraith
  2605 | Ossuary  | HP: 9/36 [wraith (8)]
  2606 | Ossuary  | HP: 4/36 [wraith (7)]
  2616 | Ossuary  | HP: 8/36 [wraith (10)]
  2629 | Ossuary  | Killed a wraith
  2630 | Ossuary  | Reached skill level 4 in Conjurations
  2630 | Ossuary  | Reached skill level 4 in Fire Magic
  2630 | Ossuary  | Reached XP level 7. HP: 21/40 MP: 2/12
  2835 | D:4      | Reached skill level 3 in Armour
  2900 | D:4      | Identified the +0 short sword of an ice cave {venom, rElec
                  | Int+3 Dex+3}
  2917 | D:4      | Reached skill level 3 in Fighting
  2959 | D:4      | Reached skill level 3 in Dodging
  3036 | D:4      | You pick up a book of Dangerous Friends and begin
                  | reading...
  3091 | D:4      | Noticed Sigmund
  3101 | D:4      | Killed Sigmund
  3102 | D:4      | Reached skill level 5 in Conjurations
  3235 | D:4      | Noticed Eustachio
  3248 | D:4      | Killed Eustachio
  3249 | D:4      | Reached XP level 8. HP: 45/48 MP: 0/13
  3399 | D:5      | Entered Level 5 of the Dungeon
  3450 | D:5      | Reached skill level 4 in Spellcasting
  3576 | D:5      | Reached skill level 4 in Armour
  3581 | D:5      | Reached skill level 4 in Fighting
  3662 | D:5      | Reached skill level 5 in Fire Magic
  3684 | D:5      | Noticed Ijyb
  3696 | D:5      | Killed Ijyb
  3889 | D:5      | Reached skill level 6 in Conjurations
  3939 | D:5      | Offered knowledge of Magic Dart by Vehumet.
  3946 | D:5      | Reached ** piety under Vehumet
  4246 | D:6      | Found a staircase to the Ecumenical Temple.
  4280 | D:6      | HP: 10/48 [acid (5)]
  4350 | D:6      | Reached skill level 4 in Dodging
  4350 | D:6      | Reached XP level 9. HP: 41/53 MP: 15/15
  4384 | D:6      | You pick up a book of Air and begin reading...
  4384 | D:6      | You add the spells Shock, Swiftness and Airstrike to your
                  | library.
  4430 | D:6      | You pick up a book of Armaments and begin reading...
  4430 | D:6      | You add the spells Stone Arrow, Animate Armour and
                  | Lehudib's Crystal Spear to your library.
  4657 | D:6      | Reached skill level 5 in Fighting
  4663 | D:6      | Reached skill level 5 in Armour
  4833 | D:6      | Reached skill level 7 in Conjurations
  5364 | D:7      | Reached skill level 5 in Spellcasting
  5576 | D:7      | HP: 12/54 [orc warrior/+0 long sword (4)]
  5846 | D:8      | Reached skill level 6 in Fire Magic
  5870 | D:8      | Offered knowledge of Static Discharge by Vehumet.
  5911 | D:8      | Reached skill level 8 in Conjurations
  6070 | D:7      | Learned a level 4 spell: Flame Wave
  6071 | D:8      | Found a transporter.
  6121 | D:8      | Noticed beavisfan's ghost (novice VSSh)
  6131 | D:8      | Reached skill level 6 in Fighting
  6131 | D:8      | Reached skill level 6 in Armour
  6131 | D:8      | Reached XP level 10. HP: 56/60 MP: 3/18
  6176 | D:8      | Reached *** piety under Vehumet
  6177 | D:8      | Reached skill level 5 in Dodging
  6455 | D:8      | Found a transporter.
  6489 | D:8      | Offered knowledge of Sticky Flame by Vehumet.
  6502 | D:8      | Identified the amulet of Focyv {Acrobat +Inv Int+2}
  6534 | D:8      | Reached skill level 9 in Conjurations
  6563 | D:8      | Noticed a two-headed ogre
  6570 | D:8      | Killed a two-headed ogre
  6571 | D:8      | Reached skill level 6 in Spellcasting
  6802 | D:8      | Found a sacrificial altar of Ru.
  6849 | D:8      | Found a blossoming altar of Fedhas.
  7087 | D:8      | Found a staircase to the Lair.
  7118 | D:8      | Identified the +1 ring mail of the Fabulous God {rN++}
  7211 | D:8      | Found an opulent altar of Gozag.
  7358 | D:8      | Reached skill level 7 in Fire Magic
  7398 | D:8      | Killed beavisfan's ghost
  7399 | D:8      | Reached skill level 7 in Fighting
  7399 | D:8      | Reached skill level 7 in Armour
  7600 | D:8      | magus.rc [v1.9.6]
  7654 | D:9      | Reached **** piety under Vehumet
  7663 | D:9      | Reached skill level 10 in Conjurations
  7701 | D:9      | Noticed a skeletal warrior
  7702 | D:9      | Noticed a skeletal warrior
  7723 | D:9      | Noticed a cyclops
  7724 | D:9      | Noticed a skeletal warrior
  7724 | D:9      | Noticed a skeletal warrior
  7739 | D:9      | Reached XP level 11. HP: 43/67 MP: 16/20
  7741 | D:9      | Offered knowledge of Ignite Poison by Vehumet.
  7743 | D:9      | Killed a cyclops
  7788 | D:9      | Reached skill level 6 in Dodging
  7910 | D:9      | Noticed Prince Ribbit
  7914 | D:9      | Killed Prince Ribbit
  7988 | D:9      | Found a hazy altar of Hepliaklqana.
  8004 | D:9      | Found a flagged portal.
  8011 | Bailey   | Entered a bailey
  8434 | Bailey   | Noticed an orc knight
  8458 | Bailey   | Killed an orc knight
  8504 | Bailey   | Reached skill level 7 in Spellcasting
  8918 | D:8      | Killed a skeletal warrior
  8919 | D:8      | Reached skill level 8 in Fighting
  8919 | D:8      | Reached skill level 8 in Armour
  8919 | D:8      | Reached skill level 11 in Conjurations
  9045 | Lair:1   | Entered Level 1 of the Lair of Beasts
  9060 | Lair:1   | Reached ***** piety under Vehumet
  9060 | Lair:1   | Offered knowledge of Fireball by Vehumet.
  9628 | Lair:1   | Learned a level 5 spell: Fireball
  9853 | Lair:1   | Reached skill level 12 in Conjurations
  9853 | Lair:1   | Reached XP level 12. HP: 73/75 MP: 13/23
 10166 | Lair:1   | Reached skill level 7 in Dodging
 10309 | Lair:1   | magus.rc [v1.9.6]
 10319 | Lair:1   | Learned a level 7 spell: Orb of Destruction
 10495 | Lair:1   | Reached skill level 9 in Armour
 10872 | Lair:2   | Reached skill level 8 in Spellcasting
 11454 | Lair:2   | Reached skill level 13 in Conjurations
 11606 | Lair:2   | Noticed a boulder beetle
 11614 | Lair:2   | Killed a boulder beetle
 11790 | Lair:2   | Found a hole to the Spider Nest.
 11812 | Lair:2   | Noticed Gastronok
 11826 | Lair:2   | Killed Gastronok
 11827 | Lair:2   | Reached skill level 8 in Dodging
 12239 | Lair:2   | Noticed an anaconda
 12253 | Lair:2   | HP: 18/75 [anaconda (7)]
 12256 | Lair:2   | Killed an anaconda
 12360 | Lair:2   | Reached skill level 14 in Conjurations
 12480 | Lair:2   | Offered knowledge of Plasma Beam by Vehumet.
 12673 | Lair:2   | Noticed an alligator
 12673 | Lair:2   | Noticed a dire elephant
 12673 | Lair:2   | Noticed a dire elephant
 12674 | Lair:2   | Noticed an alligator
 12681 | Lair:2   | Killed an alligator
 12682 | Lair:2   | Reached XP level 13. HP: 49/80 MP: 21/25
 12686 | Lair:2   | Killed a dire elephant
 12687 | Lair:2   | Reached skill level 9 in Dodging
 12687 | Lair:2   | HP: 12/80 [cloud of steam (9)]
 12694 | Lair:2   | HP: 20/80 [dire elephant (11)]
 12696 | Lair:2   | HP: 2/80 [cloud of steam (18)]
 12696 | Lair:2   | Demolished by a dire elephant

Vanquished Creatures
  Gastronok (Lair:2)
  A dire elephant (Lair:2)
  2 alligators (Lair:2)
  An anaconda (Lair:2)
  A two-headed ogre (D:8)
  A boulder beetle (Lair:2)
  A skeletal warrior (D:8)
  The ghost of beavisfan the Grappler, a novice VSSh of Gozag (D:8)
  An orc knight (Bailey)
  A cyclops (D:9)
  5 black mambas
  5 cane toads
  A rime drake (Lair:2)
  7 komodo dragons
  2 unseen horror zombies (D:8)
  3 polar bears
  Prince Ribbit (D:9)
  Sigmund (D:4)
  A shadow (D:8)
  A wraith (Ossuary)
  A wyvern (Lair:2)
  Eustachio (D:4)
  19 yaks
  3 basilisks
  2 steam dragons (Lair:2)
  An acid dragon (D:8)
  6 water moccasins
  A hornet zombie (D:8)
  2 sky beasts
  4 ice beasts
  12 orc warriors
  2 black bears
  An ogre (D:5)
  5 wolves (Lair:2)
  A centaur (D:9)
  Blork the orc (D:4)
  5 kobold brigands
  5 bullfrogs
  3 gnoll sergeants (D:8)
  An elf skeleton (D:4)
  5 scorpions
  11 wights
  9 killer bees
  2 electric eels (Lair:2)
  A howler monkey (D:8)
  5 centaur zombies (D:8)
  2 jellies
  4 hounds
  A gnoll bouda (D:8)
  10 orc priests
  Ijyb (D:5)
  4 sleepcaps
  5 hell rats
  10 iguanas
  2 human skeletons (D:4)
  2 orc wizards
  3 mummies (Ossuary)
  A howler monkey zombie (D:8)
  8 gnolls (D:8)
  7 adders
  2 white imps
  An ufetubus (D:4)
  2 worms
  3 dart slugs
  35 orcs
  4 ball pythons
  3 bats (D:1)
  7 endoplasms
  5 giant cockroaches
  8 goblins
  5 hobgoblins
  2 jackals (D:2)
  4 quokkas
  4 frilled lizards
  3 goblin zombies (Ossuary)
  3 hobgoblin zombies (Ossuary)
  32 kobolds
  5 kobold zombies (Ossuary)
  An orc skeleton (D:4)
  2 orc zombies (D:4)
  3 rats
341 creatures vanquished.

Vanquished Creatures (collateral kills)
  A gnoll sergeant (D:8)
  2 foxfires
3 creatures vanquished.

Vanquished Creatures (others)
  A kobold (D:9)
  816 foxfires
817 creatures vanquished.

Grand Total: 1161 creatures vanquished

Table legend:
 A = Non-vault XP
 B = Vault XP
 C = Vault XP percentage of total XP
 D = Non-vault monster count
 E = Vault monster count
 F = Vault count percentage of total count
                 A         B        C        D         E       F
            +---------+---------+-------+---------+---------+-------
      Total |   15367 |   19448 |  55.9 |     203 |     139 |  40.6
            +---------+---------+-------+---------+---------+-------
        D:1 |      31 |       0 |   0.0 |      17 |       0 |   0.0
        D:2 |      52 |       0 |   0.0 |      16 |       0 |   0.0
        D:3 |      22 |      25 |  53.2 |      10 |       8 |  44.4
        D:4 |     287 |     686 |  70.5 |      20 |       9 |  31.0
        D:5 |     641 |      38 |   5.6 |      15 |       1 |   6.2
        D:6 |     897 |       0 |   0.0 |      15 |       0 |   0.0
        D:7 |     491 |     274 |  35.8 |       9 |       4 |  30.8
        D:8 |    2691 |    3116 |  53.7 |      23 |      32 |  58.2
        D:9 |     851 |     833 |  49.5 |      32 |       2 |   5.9
     Lair:1 |    4524 |    2623 |  36.7 |      23 |      17 |  42.5
     Lair:2 |    4880 |    9452 |  66.0 |      23 |      21 |  47.7
    Ossuary |       0 |     282 | 100.0 |       0 |      15 | 100.0
     Bailey |       0 |    2119 | 100.0 |       0 |      30 | 100.0
            +---------+---------+-------+---------+---------+-------

Skill      XL: |  1  2  3  4  5  6  7  8  9 10 11 12 13 |
---------------+----------------------------------------+-----
Armour         | 1 2 3 4 6 7 8 9 |  9.3
Fighting       | 1 2 3 4 6 7 8 |  8.9
Dodging        | 2 3 4 5 6 8 9 |  9.2
Conjurations   | 2 3 4 5 6 8 10 12 14 | 14.6
Spellcasting   | 3 4 5 6 7 8 |  8.2
Fire Magic     | 4 5 6 7 |  7.2
Stealth        | |  2.1

Action                     |  1- 3 |  4- 6 |  7- 9 | 10-12 | 13-15 || total
---------------------------+-------+-------+-------+-------+-------++-------
  Melee: War axe           |   111 |       |       |       |       ||   111
         Quarterstaff      |       |   115 |    65 |    20 |       ||   200
         Short sword       |       |       |   410 |   104 |       ||   514
         Punch             |       |       |     9 |     2 |       ||    11
  Throw: Dart              |       |       |       |     1 |       ||     1
   Cast: Foxfire           |     7 |     7 |    78 |   363 |       ||   455
         Scorch            |       |     5 |    15 |    71 |     1 ||    92
         Flame Wave        |       |       |       |    37 |     4 ||    41
         Orb of Destructio |       |       |       |     3 |       ||     3
         Fireball          |       |       |       |     2 |       ||     2
  Evoke: Wand              |       |     1 |     2 |    10 |       ||    13
         Phantom mirror    |       |       |       |     1 |       ||     1
    Use: Potion            |       |     2 |     1 |     3 |     1 ||     7
         Scroll            |       |       |    11 |     5 |     1 ||    17
   Stab: Sleeping          |     2 |     3 |     8 |       |       ||    13
         Distracted        |       |       |       |     1 |       ||     1
 Armour: Robe              |    78 |    87 |   323 |    43 |       ||   531
         Acid dragon scale |       |       |       |   241 |    19 ||   260
  Dodge: Dodged            |    77 |    70 |   355 |   245 |    10 ||   757

Illustrated notes

Table legend:
 A = Kills in this place as a percentage of kills in the entire game.
 B = Kills by you in this place as a percentage of kills by you in the entire game.
 C = Kills by friends in this place as a percentage of kills by friends in the entire game.
 D = Other kills in this place as a percentage of other kills in the entire game.
 E = Experience gained in this place as a percentage of experience gained in the entire game.
 F = Experience gained in this place divided by the number of levels of this place that you have seen.
                   A       B       C       D       E      F
               +-------+-------+-------+-------+-------+----------------------
         Total | 100.0 | 100.0 | 100.0 |   N/A | 100.0 | 2678.1
       Dungeon |  62.3 |  62.2 | 100.0 |   N/A |  31.4 | 1215.0
          Lair |  24.6 |  24.6 |   0.0 |   N/A |  61.7 | 10739.5
       Ossuary |   4.4 |   4.4 |   0.0 |   N/A |   0.8 | 282.0
        Bailey |   8.8 |   8.8 |   0.0 |   N/A |   6.1 | 2119.0
               +-------+-------+-------+-------+-------+----------------------

Table legend: (Time is in decaauts)
 A = Elapsed time spent in this place.
 B = Non-inter-level travel time spent in this place.
 C = Inter-level travel time spent in this place.
 D = Time resting spent in this place.
 E = Time spent auto-exploring this place.
 F = Levels seen in this place.
 G = Mean time per level.
                   A        B        C        D        E       F      G
               +--------+--------+--------+--------+--------+-----+--------+
         Total |  12892 |  12496 |    396 |    526 |   8634 |  13 |  991.7 |
       Dungeon |   8118 |   7787 |    331 |    526 |   4909 |   9 |  902.0 |
          Lair |   3676 |   3611 |     65 |      0 |   3013 |   2 | 1838.0 |
       Ossuary |    526 |    526 |      0 |      0 |    369 |   1 |  526.0 |
        Bailey |    571 |    571 |      0 |      0 |    343 |   1 |  571.0 |
               +--------+--------+--------+--------+--------+-----+--------+

Top non-repeatable levels by time:
  Lair:2: 1862 daAuts
  Lair:1: 1814 daAuts
     D:8: 1584 daAuts
     D:6: 1114 daAuts
     D:1: 898 daAuts
     D:7: 889 daAuts
     D:5: 757 daAuts
     D:9: 727 daAuts
     D:2: 721 daAuts
     D:3: 716 daAuts
     D:4: 707 daAuts
  Bailey: 571 daAuts
 Ossuary: 526 daAuts
